cohdb
Replays
Latest Replays
All Replays
Popular Replays
Top Player Replays
Match Explorer
How It Works
Community
CoH3 Stats
Reddit
Sign in to upload your games and track your stats! →
Sign in with Steam
Match 25583410
Unlisted
Match 25583410
Overview
Messages
Build Orders
End
Construct Infanterie Kompanie
Selects Italian Coastal Battlegroup
Selects Coastal Reserves
Coastal Reserve
MG 42 Machine Gun Team
GrW 34 Mortar Team
Grenadier Squad
Selects Artillery Officer
Artillery Officer
Construct Panzergrenadier Kompanie
Medical Bunker
Support Elements
StuG III G Assault Gun
Selects Coastal Wall
MG 42 Machine Gun Team
Panzergrenadier Officer Quarters
MG 42 Machine Gun Team
Nebelwerfer 42 Rocket Launcher Team
Selects Support Bunkers
Selects Designated Artillery Overwatch
Nebelwerfer 42 Rocket Launcher Team
Designated Artillery Overwatch
Construct Panzer Kompanie
MG 42 Machine Gun Team
UH|BluEskY
UH|dun! ツ
Leiarde
302892322
House
楚云飞
0
0
Comments
sign in to comment!
No comments posted yet!